 Dungeon Crawl Stone Soup version 0.23.2-33-g5129a83184 (webtiles) character file.

Game seed: 9653042742776271366

151 psyvane the Stinger (level 5, -5/31 HPs)
             Began as an Octopode Venom Mage on July 14, 2019.
             Slain by an orc
             ... wielding a +0 war axe
              (8 damage)
             ... on level 3 of the Dungeon.
             The game lasted 00:07:15 (2720 turns).

psyvane the Stinger (Octopode Venom Mage)           Turns: 2720, Time: 00:07:16

Health: -5/31      AC:  1    Str:  8    XL:     5   Next: 33%
Magic:  6/8        EV: 13    Int: 17    God:
Gold:   152        SH:  0    Dex: 13    Spells: 2/8 levels left

rFire    . . .     SeeInvis .   e - +2 whip (flame)
rCold    . . .     Gourm    .   (no shield)
rNeg     . . .     Faith    .   (helmet restricted)
rPois    +         Spirit   .   (no amulet)
rElec    .         Reflect  .   (no ring)
rCorr    .         Harm     .   (no ring)
MR       .....                  (no ring)
Stlth    +++.......             (no ring)
HPRegen  0.10/turn              (no ring)
MPRegen  0.11/turn              (no ring)
                                (no ring)
                                (no ring)

@: invisible
A: almost no armour, stealthy swim, amphibious, 8 rings, constrict 8, antennae
1, camouflage 1, high mp 1, poison resistance, gelatinous body 1
a: no special abilities


You were on level 3 of the Dungeon.
You were hungry.

You visited 1 branch of the dungeon, and saw 3 of its levels.

You collected 152 gold pieces.

Inventory:

Hand Weapons
 e - a +2 whip of flaming (weapon)
Wands
 f - a wand of digging (3)
Scrolls
 a - 2 scrolls of teleportation {unknown}
 d - 3 scrolls of enchant armour
 h - a scroll of immolation {unknown}
 i - a scroll of amnesia {unknown}
Potions
 c - 3 potions of curing
 j - a potion of brilliance
Comestibles
 b - 6 rations


   Skills:
 - Level 1.9 Maces & Flails
 - Level 2.0 Dodging
 - Level 2.6 Stealth
 - Level 2.0 Spellcasting
 * Level 1.1 Conjurations
 - Level 0.4 Air Magic
 - Level 6.4 Poison Magic


You had 2 spell levels left.
You knew the following spells:

 Your Spells              Type           Power        Failure   Level  Hunger
a - Sting                 Conj/Pois      ##..         4%          1    #......
b - Poisonous Vapours     Pois/Air       ##....       7%          2    ###....
c - Mephitic Cloud        Conj/Pois/Air  ##......     21%         3    ###....

Your spell library contained the following spells:

 Spells                   Type           Power        Failure   Level  Hunger
 Olgreb's Toxic Radiance  Pois           ###.....     14%         4    #####..
 Venom Bolt               Conj/Pois      ##........   75%         5    ######.


Dungeon Overview and Level Annotations

Branches:
Dungeon (3/15)

Altars:
Elyvilon

Annotations:
D:3 1 runed translucent door, Crazy Yiuf


Innate Abilities, Weirdness & Mutations

You cannot wear most types of armour.
You are very stealthy in the water. (Stealth+)
You are amphibious.
You can wear up to eight rings at the same time.
You can use your tentacles to constrict eight enemies at once.
Your skin changes colour to match your surroundings (Stealth+).
Your rubbery body absorbs attacks. (AC +1, EV +1)
You have a pair of small antennae on your head.
You have an increased reservoir of magic. (+10% MP)
Your system is resistant to poisons. (rPois)


Message History

You feel better.
The orc wizard hits you with a +0 dagger.
The orc hits you with a +0 war axe! The orc closely misses you.
Casting: Poisonous Vapours (safe; 7% risk of failure)
Confirm with . or Enter, or press ? or * to list all spells.
Aiming: Poisonous Vapours (safe; 7% risk of failure)
Press: ? - help, Dir - move target cursor, f - orc wizard
Aim: an orc wizard, wielding a +0 dagger and wearing a +0 robe (moderately wounded) Poisonous vapours surround the orc wizard!
You are feeling hungry.
The orc wizard is engulfed in poison gas.
The orc wizard is poisoned.
The orc wizard gestures at you while chanting.
The puff of flame hits you. The orc closely misses you.
The orc hits you with a +0 war axe!
* * * LOW HITPOINT WARNING * * *
You fade into invisibility!
The orc wizard misses you. The orc misses you.
The orc hits you with a +0 war axe!
You die...

.. .# ##. ###
###.#####.# ..
..##.#.......#.#
#.##.##.#.....#.#.#
#.....#.#.....#.#.#
#..#..#.#.....#.#.#
#.#.....#.#...#.#.#.#
#....ooo#.#>........#
#@##.#####.#.###
#........#.#.#
.#....#...#.#.#
#.....##...#.#.#
#............#.#
....♣♣....#####.#
#...P ♣.........>#
#..PP.....#####..#
#.......#.# #..#


You could see an orc wizard and 2 orcs.

Vanquished Creatures
  2 adders (D:2)
  4 gnolls (D:3)
  3 oozes
  3 worms
  2 leopard geckos
  2 orcs (D:3)
  2 ball pythons
  A giant cockroach (D:1)
  5 goblins
  13 hobgoblins
  2 jackals (D:3)
  12 kobolds
  2 quokkas (D:2)
  8 bats
  3 frilled lizards (D:1)
  3 rats
67 creatures vanquished.

Notes
Turn   | Place    | Note
-------+----------+-------------------------------------------
     0 | D:1      | psyvane the Octopode Venom Mage began the quest for the
                  | Orb.
     0 | D:1      | Reached XP level 1. HP: 11/11 MP: 3/3
    89 | D:1      | Reached skill level 4 in Poison Magic
   117 | D:1      | Reached XP level 2. HP: 16/17 MP: 0/5
   130 | D:1      | Learned a level 2 spell: Poisonous Vapours
   537 | D:1      | Reached skill level 5 in Poison Magic
   537 | D:1      | Reached XP level 3. HP: 21/21 MP: 6/6
  1115 | D:2      | Reached XP level 4. HP: 20/27 MP: 7/7
  1227 | D:2      | Learned a level 3 spell: Mephitic Cloud
  1639 | D:2      | Reached skill level 6 in Poison Magic
  2096 | D:3      | Reached skill level 1 in Maces & Flails
  2108 | D:3      | Reached XP level 5. HP: 31/31 MP: 1/8
  2109 | D:3      | Found a faded altar of an unknown god.
  2298 | D:3      | Gained mutation: Your system is resistant to poisons.
                  | (rPois) [potion of mutation]
  2298 | D:3      | Gained mutation: You have an increased reservoir of magic.
                  | (+10% MP) [potion of mutation]
  2298 | D:3      | Gained mutation: You have a pair of small antennae on your
                  | head. [potion of mutation]
  2376 | D:3      | Found a runed translucent door.
  2377 | D:3      | Noticed Crazy Yiuf
  2509 | D:3      | Found a white marble altar of Elyvilon.
  2720 | D:3      | Slain by an orc

Skill      XL: |  1  2  3  4 |
---------------+-------------+-----
Poison Magic   | 4 5 6 |  6.4
Maces & Flails | 1 |  1.9
Dodging        | |  2.0
Stealth        | |  2.6
Spellcasting   | |  2.0
Conjurations   | |  1.1
Air Magic      | |  0.4

Action                   |  1- 3 |  4- 6 || total
-------------------------+-------+-------++-------
Melee: Unarmed           |    23 |       ||    23
       Constrict         |    18 |    11 ||    29
       Tentacles         |    11 |     9 ||    20
       Whip              |    42 |    59 ||   101
 Cast: Sting             |    16 |     2 ||    18
       Poisonous Vapours |     9 |    14 ||    23
  Use: Scroll            |       |     8 ||     8
       Potion            |       |     3 ||     3
 Stab: Sleeping          |     3 |     3 ||     6
  Eat: Chunk             |     1 |     6 ||     7
Armor: Skin              |     8 |     6 ||    14
Dodge: Dodged            |    50 |    53 ||   103
